 Dungeon Crawl Stone Soup version 0.22-a0-897-g1b7a381375 (webtiles) character file.

147 Htamos the Bolt Thrower (level 5, -4/32 HPs)
             Began as a Kobold Hunter on July 31, 2018.
             Killed from afar by an orc wizard (8 damage)
             ... with a puff of frost
             ... on level 3 of the Dungeon.
             The game lasted 00:04:56 (1835 turns).

Htamos the Bolt Thrower (Kobold Hunter)             Turns: 1835, Time: 00:04:57

Health: -4/32      AC:  3    Str:  9    XL:     5   Next: 55%
Magic:  5/5        EV: 16    Int: 12    God:
Gold:   177        SH:  0    Dex: 17    Spells: 4/4 levels left

rFire    . . .     SeeInvis .   b - +0 short sword
rCold    . . .     Gourm    .   (shield restricted)
rNeg     . . .     Faith    .   c - +0 leather armour
rPois    .         Spirit   .   (no helmet)
rElec    .         Reflect  .   (no cloak)
rCorr    .         Harm     .   (no gloves)
MR       .....                  (no boots)
Stlth    ++........             (no amulet)
HPRegen  0.10/turn              (no ring)
MPRegen  0.09/turn              (no ring)

@: no status effects
A: small, carnivore
a: no special abilities


You were on level 3 of the Dungeon.
You were completely stuffed.

You visited 1 branch of the dungeon, and saw 3 of its levels.

You collected 177 gold pieces.

Inventory:

Hand Weapons
 a - a +1 hand crossbow
 b - a +0 short sword (weapon)
Armour
 c - a +0 leather armour (worn)
Jewellery
 q - an uncursed ring of fire {unknown}
Scrolls
 e - a scroll of enchant weapon {unknown}
 i - a scroll of teleportation {unknown}
 k - a scroll of noise {unknown}
 p - a scroll of remove curse {unknown}
Potions
 g - a potion of heal wounds {unknown}
 h - a potion of berserk rage {unknown}
 j - a potion of cancellation {unknown}
 l - 2 potions of lignification {unknown}
 m - a potion of agility {unknown}
 o - a potion of curing {unknown}
Comestibles
 f - 5 rations
 n - 3 chunks of flesh


   Skills:
 + Level 3.2 Fighting
 * Level 6.0 Crossbows
 + Level 3.6 Dodging
 + Level 3.4 Stealth


You had 4 spell levels left.
You didn't know any spells.
Your spell library was empty.

Dungeon Overview and Level Annotations

Branches:
Dungeon (3/15)

Altars:
Wu Jian

Annotations:
D:3 1 runed door, Necrophagist's ghost, amateur GnSk


Innate Abilities, Weirdness & Mutations

You are small and have problems with some larger weapons.
You are carnivorous and can eat meat at any time.


Message History

The orc wizard points at you and mumbles some strange words.
The puff of flame misses you. The orc hits you with a club.
* * * LOW HITPOINT WARNING * * *
The orc wizard completely misses you.
You hit the orc wizard but do no damage.
The orc wizard is moderately wounded.
The orc closely misses you. The orc wizard misses you.
You hit the orc wizard but do no damage.
The orc wizard is moderately wounded.
The orc wizard completely misses you. The orc closely misses you.
The orc wizard hits you with a dagger.
* * * LOW HITPOINT WARNING * * *
You hit the orc wizard.
The orc wizard is severely wounded.
The orc wizard hits you with a dagger.
* * * LOW HITPOINT WARNING * * *
The orc barely misses you.
The orc wizard points at you and mumbles some strange words.
The puff of frost hits you!
You die...

#####.# #.# .....# #...#
#####...#.####.########..###...##
....#.#..................(.>....#
....._..#.####...........##.###.#
#...#.#.....##..#...#.#.###.# #.#
#.#..(#.#.#.##..#####.#.# #.###.#
......................#.# #.....#
#.#.....#......######...# #.#####
#...#<###...<.#o@.......# #.#
.............(.o#).###.## #.#
.......###..#(#o#.####### #.#
##.###......#.#.#.+FSW≈$≈ #.# ...
.###..# ..#.#########.# .# ..
..#......#.##.# . .#
...#......#..#.# ..
.............'..).#
#####.#......##...####


You could see a bullfrog, an orc wizard, Necrophagist's ghost, an adder and 2
orcs.

Vanquished Creatures
  8 adders
  An ooze (D:1)
  2 worms
  4 dart slugs
  2 leopard geckos
  2 orcs (D:3)
  3 giant cockroaches
  5 goblins
  8 hobgoblins
  2 jackals (D:2)
  3 kobolds
  A quokka (D:2)
  A ball python (D:1)
  4 bats
  A frilled lizard (D:3)
  9 rats
56 creatures vanquished.

Notes
Turn   | Place    | Note
-------+----------+-------------------------------------------
     0 | D:1      | Htamos the Kobold Hunter began the quest for the Orb.
     0 | D:1      | Reached XP level 1. HP: 12/12 MP: 1/1
    65 | D:1      | Reached XP level 2. HP: 18/18 MP: 2/2
    98 | D:1      | Reached skill level 5 in Crossbows
   258 | D:1      | Reached XP level 3. HP: 22/22 MP: 3/3
   759 | D:2      | Reached XP level 4. HP: 27/27 MP: 4/4
  1373 | D:2      | Reached XP level 5. HP: 32/32 MP: 5/5
  1628 | D:3      | Found an ornate altar of the Wu Jian Council.
  1695 | D:3      | Reached skill level 6 in Crossbows
  1805 | D:3      | Found a runed door.
  1809 | D:3      | Noticed a bullfrog
  1812 | D:3      | Noticed Necrophagist's ghost (amateur GnSk)
  1835 | D:3      | Killed from afar by an orc wizard

Vault maps used:
D:1:      tarquinn_simple_flora_water_f
D:2:      first_ration, serial_park_tiny_pond
D:3:      lemuel_crystal_altar, lemuel_round_altar, ebering_ghost_sewer_d

Skill      XL: |  1  2  3  4  5 |
---------------+----------------+-----
Crossbows      | 5 6 |  6.0
Stealth        | 2 3 |  3.4
Dodging        | 3 |  3.6
Fighting       | 3 |  3.2

Action                   |  1- 3 |  4- 6 || total
-------------------------+-------+-------++-------
Melee: Short sword       |       |    34 ||    34
 Fire: Hand crossbow     |    44 |    85 ||   129
  Eat: Chunk             |     7 |     4 ||    11
Armor: Leather armour    |       |     7 ||     7
Dodge: Dodged            |     2 |    56 ||    58

Table legend:
 A = Spawn XP
 B = Non-spawn XP
 C = Spawn XP percentage of total XP
 D = Spawn monster count
 E = Non-spawn monster count
 F = Spawn count percentage of total count
 G = Total turns spent on level
                    A         B        C        D         E        F      G
               +---------+---------+-------+---------+---------+-------+---------
         Total |       0 |     211 |   0.0 |       0 |      56 |   0.0 |  1835
               +---------+---------+-------+---------+---------+-------+---------
           D:1 |       0 |      38 |   0.0 |       0 |      17 |   0.0 |   851
           D:2 |       0 |     141 |   0.0 |       0 |      31 |   0.0 |   777
           D:3 |       0 |      32 |   0.0 |       0 |       8 |   0.0 |   207
               +---------+---------+-------+---------+---------+-------+---------
